 Dungeon Crawl Stone Soup version 0.19.5 (webtiles) character file.

158 Gargoyl the Skirmisher (level 5, 0/46 HPs)
             Began as a Ghoul Abyssal Knight on Mar 13, 2017.
             Was a Believer of Lugonu.
             Slain by a gnoll
             ... wielding a +0 spear
              (3 damage)
             ... on level 3 of the Dungeon.
             The game lasted 00:03:54 (2300 turns).

Gargoyl the Skirmisher (Ghoul Abyssal Knight)       Turns: 2300, Time: 00:03:54

Health: 0/46       AC: 10    Str: 16    XL:     5   Next: 40%
Magic:  6/6        EV: 11    Int:  7    God:    Lugonu [**....]
Gold:   179        SH:  0    Dex:  9    Spells: 0 memorised, 4 levels left

rFire  . . .     SeeInvis .     a - +1 hand axe
rCold  + . .     Gourm    .     b - +1 leather armour
rNeg   + + +     Faith    .     (no shield)
rPois  ∞         Spirit   .     (no helmet)
rElec  .         Reflect  .     m - +1 cloak
rCorr  .         Harm     .     (no gloves)
MR     .....                    (no boots)
Stlth  +.........               (no amulet)
                                (no ring)
                                d - +4 ring of protection

@: rotting
A: rotting body, claws 1, carnivore 3, cold resistance 1, negative energy
resistance 3, slow regeneration 1, torment resistance, unbreathing
a: Depart the Abyss, Bend Space, Renounce Religion


You were on level 3 of the Dungeon.
You worshipped Lugonu.
Lugonu was pleased with you.
You were not hungry.

You visited 1 branch of the dungeon, and saw 3 of its levels.
You visited the Abyss 1 time.

You collected 179 gold pieces.

Inventory:

Hand Weapons
 a - a +1 hand axe (weapon)
Armour
 b - a +1 leather armour (worn)
 m - a +1 cloak (worn)
Jewellery
 d - a +4 ring of protection (left claw)
Potions
 e - a potion of heal wounds {unknown}
 g - 2 potions of mutation {unknown}
 h - a potion of agility {unknown}
 i - 2 potions of invisibility {unknown}
 l - a potion of brilliance {unknown}
Comestibles
 c - 2 meat rations
 j - 4 chunks of flesh
 k - a royal jelly


   Skills:
 + Level 4.1 Fighting
 + Level 2.8 Axes
 * Level 3.1 Armour
 + Level 1.6 Dodging
 * Level 2.8 Invocations


You had 4 spell levels left.
You didn't know any spells.

Dungeon Overview and Level Annotations

Branches:
Dungeon (3/15)

Altars:
Elyvilon


Innate Abilities, Weirdness & Mutations

Your body is rotting away.
You thrive on raw meat.
You are immune to poison.
You have sharp fingernails.
You are carnivorous and can eat meat at any time.
Your flesh is cold resistant. (rC+)
You are immune to negative energy. (rN+++)
You regenerate slowly when monsters are visible.
You are immune to unholy pain and torment.
You can survive without breathing.


Message History

The gnoll hits you with a club.
* * * LOW HITPOINT WARNING * * *
Unknown command.
You hit the gnoll but do no damage.
The gnoll is heavily wounded.
You closely miss the gnoll. The gnoll barely misses you.
The gnoll hits you but does no damage. The gnoll barely misses you.
Unknown command.
You closely miss the gnoll.
The gnoll is moderately wounded.
You hit the gnoll. The gnoll closely misses you.
The gnoll hits you with a spear.
* * * LOW HITPOINT WARNING * * *
Unknown command.
You barely miss the gnoll.
The gnoll is moderately wounded.
You hit the gnoll. The gnoll hits you with a club.
* * * LOW HITPOINT WARNING * * *
The gnoll hits you with a spear.
You die...

.## #.# .... #.#
#..######)####
#...........#
#.........#
#.........#
#.)......#
#......).#
#....:.)@#
#.....##gg....#
#....###....######
...### #...## #..
##...# ## #.#g#
..#g. ..## #.


You could see 2 gnolls.

Vanquished Creatures
  Crazy Yiuf (D:2)
  Jessica (D:3)
  2 gnolls (D:3)
  3 adders
  An ooze (D:1)
  An ufetubus (Abyss:1)
  3 dart slugs
  A leopard gecko (D:2)
  5 bats
  2 giant cockroaches (D:1)
  5 hobgoblins
  3 jackals
  A kobold (D:1)
  A quokka (D:2)
  3 frilled lizards
  6 goblins
  4 rats
43 creatures vanquished.

Notes
Turn   | Place    | Note
-------+----------+-------------------------------------------
     0 | Abyss:1  | Gargoyl the Ghoul Abyssal Knight began the quest for the Orb.
     0 | Abyss:1  | Reached XP level 1. HP: 19/19 MP: 1/1
   307 | Abyss:1  | Found a corrupted altar of Lugonu.
   310 | Abyss:1  | Found a corrupted altar of Lugonu.
   394 | Abyss:1  | Noticed an ancient zyme
   398 | Abyss:1  | Noticed a neqoxec
   535 | Abyss:1  | Noticed an orange demon
   535 | Abyss:1  | Noticed a large abomination
   539 | D:1      | Escaped the Abyss
   691 | D:1      | Reached XP level 2. HP: 18/24 MP: 2/2
   941 | D:1      | Reached XP level 3. HP: 24/33 MP: 3/3
  1007 | D:1      | Reached * piety under Lugonu
  1526 | D:2      | Found a white marble altar of Elyvilon.
  1642 | D:2      | Reached skill level 1 in Dodging
  1708 | D:2      | Reached XP level 4. HP: 29/40 MP: 4/4
  2142 | D:2      | Found a runed door.
  2147 | D:2      | Noticed Crazy Yiuf
  2151 | D:2      | Killed Crazy Yiuf
  2261 | D:3      | Noticed Jessica
  2274 | D:3      | Killed Jessica
  2274 | D:3      | Reached skill level 4 in Fighting
  2274 | D:3      | Reached XP level 5. HP: 43/46 MP: 6/6
  2297 | D:3      | Reached ** piety under Lugonu
  2300 | D:3      | Slain by a gnoll

Skill      XL: |  1  2  3  4 |
---------------+-------------+-----
Armour         | 2 3 |  3.1
Axes           | 2 |  2.8
Dodging        | 1 |  1.6
Fighting       | 4 |  4.1
Invocations    | |  2.8

Action                   |  1- 3 |  4- 6 || total
-------------------------+-------+-------++-------
Melee: Hand axe          |   119 |    59 ||   178
Invok: Depart the Abyss  |     1 |       ||     1
  Use: Scroll            |     4 |     3 ||     7
       Potion            |       |     1 ||     1
  Eat: Chunk             |    13 |     4 ||    17
Armor: Leather armour    |    62 |    30 ||    92
Dodge: Dodged            |    82 |    39 ||   121
